 Dungeon Crawl Stone Soup version 0.27-a0-836-gfc908b8576 (webtiles) character file.

Game seed: 8945267228767438538

15 jasper the Magician (level 2, 0/15 HPs)
             Began as a Deep Elf Hedge Wizard on Mar 31, 2021.
             Slain by a hobgoblin (2 damage)
             ... on level 1 of the Dungeon.
             The game lasted 00:01:00 (560 turns).

jasper the Magician (Deep Elf Hedge Wizard)          Turns: 560, Time: 00:01:01

Health: 0/15       AC:  2    Str:  7    XL:     2   Next: 34%
Magic:  1/9        EV: 12    Int: 18    God:
Gold:   11         SH:  0    Dex: 14    Spells: 3/10 levels left

rFire    . . .     SeeInvis .   a - +0 dagger
rCold    . . .     Faith    .   (no shield)
rNeg     . . .     Spirit   .   b - +0 robe
rPois    .         Reflect  .   c - +0 hat
rElec    .         Harm     .   (no cloak)
rCorr    .         Rampage  .   (no gloves)
Will     .....                  (no boots)
Stlth    ++........             (no amulet)
HPRegen  0.05/turn              (no ring)
MPRegen  0.11/turn              (no ring)

@: very slightly contaminated, invisible
A: no striking features
a: no special abilities


You were on level 1 of the Dungeon.
You visited 1 branch of the dungeon, and saw 1 of its levels.

You collected 11 gold pieces.

Inventory:

Hand Weapons
 a - a +0 dagger (weapon)
Armour
 b - a +0 robe (worn)
 c - a +0 hat (worn)


   Skills:
 - Level 2.4 Dodging
 - Level 2.4 Stealth
 + Level 4.6 Spellcasting
 + Level 1.6 Conjurations
 + Level 0.2 Hexes
 + Level 1.5 Summonings
 + Level 1.6 Translocations


You had 3 spell levels left.
You knew the following spells:

 Your Spells              Type           Power      Damage    Failure   Level
a - Magic Dart            Conj           36%        1d4       7%          1
b - Blink                 Tloc           N/A        N/A       11%         2
c - Call Imp              Summ           9%         N/A       11%         2
d - Slow                  Hex            4%         N/A       19%         2

Your spell library contained the following spells:

 Spells                   Type           Power      Damage    Failure   Level
 Conjure Flame            Conj/Fire      7%         6-21      30%         3
 Mephitic Cloud           Conj/Pois/Air  6%         N/A       32%         3


Dungeon Overview and Level Annotations

Branches:
Dungeon (1/15)

Altars:


Message History

You now have 0/9 mp.
You don't have enough magic to cast this spell.
You don't have enough magic to cast this spell.
Things that are here:
a +0 short sword; a kobold corpse You hit the hobgoblin but do no damage.
The hobgoblin is moderately wounded.
The hobgoblin hits you.
Your magical contamination has completely faded away.
You take 3 damage, and have 9/15 hp.
You hit the hobgoblin.
The hobgoblin is heavily wounded.
The hobgoblin hits you.
* * * LOW HITPOINT WARNING * * *
You take 5 damage, and have 4/15 hp.
MASSIVE DAMAGE!!
You hit the hobgoblin but do no damage.
The hobgoblin is heavily wounded.
The hobgoblin hits you but does no damage.
You hit the hobgoblin but do no damage.
The hobgoblin is heavily wounded.
The hobgoblin misses you.
Aiming: Magic Dart (safe; 7% risk of failure)
Press: ? - help, Q - select action, (/) - cycle Shift-Dir - straight line, f/p - hobgoblin
Aim: a hobgoblin (moderately wounded, 0% to evade)
The magic dart hits the hobgoblin.
The hobgoblin is severely wounded.
The hobgoblin hits you.
* * * LOW HITPOINT WARNING * * *
You take 3 damage, and have 1/15 hp.
You now have 0/9 mp.
It was a potion of invisibility.
You fade into invisibility!
The hobgoblin misses you.
You are very lightly contaminated with residual magic.
You closely miss the hobgoblin.
The hobgoblin is severely wounded.
The hobgoblin misses you.
You hit the hobgoblin but do no damage.
The hobgoblin is severely wounded.
The hobgoblin hits you.
You die...

## .. ... ### ... ....#..
.... ......#####.....
#...........# .. #.#.#.#.#.#.
#..##.#r#)#.#.# #
.......#g#r#)#.# .###
....$...#@#.#.#.#.....
.(.......#.#.#.#.#.....
.)...........................
...........................).
..................#...$......
..................#####.##...
..................# ..
#................## ...
#...#...........#### ...


You could see a hobgoblin and a rat.

Vanquished Creatures
  2 bats (D:1)
  3 endoplasms (D:1)
  2 goblins (D:1)
  2 ball pythons (D:1)
  2 kobolds (D:1)
  3 rats (D:1)
14 creatures vanquished.

Notes
Turn   | Place    | Note
-------+----------+-------------------------------------------
     0 | D:1      | jasper the Deep Elf Hedge Wizard began the quest for the
                  | Orb.
     0 | D:1      | Reached XP level 1. HP: 10/10 MP: 7/7
   404 | D:1      | Reached XP level 2. HP: 15/15 MP: 3/9
   407 | D:1      | Learned a level 2 spell: Blink
   410 | D:1      | Learned a level 2 spell: Call Imp
   413 | D:1      | Learned a level 2 spell: Slow
   560 | D:1      | Slain by a hobgoblin

Illustrated notes

Levels and vault maps discovered:
D:1:      kilobyte_arrival_exit_the_forest, layout_rooms,
          hangedman_abyss_or_decor_lesser_grid, minmay_misc_feat_rows

Action                   || total
-------------------------++-------
Melee: Dagger            ||     6
 Cast: Magic Dart        ||    39
  Use: Potion            ||     1
Armor: Robe              ||     3
Dodge: Dodged            ||     3

Table legend: (Time is in decaauts)
 A = Elapsed time spent in this place.
 B = Non-inter-level travel time spent in this place.
 C = Inter-level travel time spent in this place.
 D = Time resting spent in this place.
 E = Time spent auto-exploring this place.
 F = Levels seen in this place.
 G = Mean time per level.
                   A        B        C        D        E       F      G
               +--------+--------+--------+--------+--------+-----+--------+
         Total |    561 |    561 |      0 |      0 |    478 |   1 |  561.0 |
       Dungeon |    561 |    561 |      0 |      0 |    478 |   1 |  561.0 |
               +--------+--------+--------+--------+--------+-----+--------+

Top non-repeatable levels by time:
     D:1: 561 daAuts
